 Dungeon Crawl Stone Soup version 0.26-a0-639-g72c4674 (webtiles) character file.

Game seed: 1317671275304016672

1487 royokou the Conjurer (level 8, -1/46 HPs)
             Began as a Gargoyle Fire Elementalist on Sept 16, 2020.
             Slain by Duvessa
             ... wielding a +0 short sword
              (12 damage)
             ... on level 6 of the Dungeon on Sept 17, 2020.
             The game lasted 00:30:51 (8728 turns).

royokou the Conjurer (Gargoyle Fire Elementalist)   Turns: 8728, Time: 00:30:52

Health: -1/46      AC: 15    Str: 13    XL:     8   Next: 80%
Magic:  1/12       EV: 12    Int: 17    God:
Gold:   307        SH:  0    Dex: 10    Spells: 4/12 levels left

rFire    . . .     SeeInvis .   t - +1 flail (protect)
rCold    . . .     Faith    .   (no shield)
rNeg     + . .     Spirit   .   a - +0 robe
rPois    ∞         Reflect  .   l - +1 hat
rElec    +         Harm     .   (no cloak)
rCorr    .         Rampage  .   (no gloves)
MR       +....                  (no boots)
Stlth    ++........             (no amulet)
HPRegen  0.15/turn              k - ring of protection from magic
MPRegen  0.13/turn              (no ring)

@: mighty, protection aura
A: negative energy resistance 1, electricity resistance, unbreathing,
petrification resistance, rot immunity, AC +5
a: no special abilities


You were on level 6 of the Dungeon.
You visited 1 branch of the dungeon, and saw 6 of its levels.

You collected 307 gold pieces.

Inventory:

Hand Weapons
 d - a -2 whip
 g - a +0 spear
 n - a +0 war axe
 s - a +0 long sword
 t - a +1 flail of protection (weapon)
Armour
 a - a +0 robe (worn)
 l - a +1 hat (worn)
Jewellery
 k - a ring of protection from magic (left hand)
Wands
 j - a wand of acid (5)
Scrolls
 b - 5 scrolls of identify
 e - 2 scrolls of teleportation
 o - a scroll of magic mapping
 r - 7 scrolls of remove curse
Potions
 f - 2 potions of lignification
 h - 4 potions of haste
 i - 4 potions of heal wounds
 m - a potion of flight {unknown}
 p - 2 potions of curing {unknown}
 q - a potion of resistance {unknown}
 u - a potion of cancellation {unknown}


   Skills:
 + Level 3.5 Fighting
 - Level 1.5 Dodging
 - Level 2.1 Stealth
 - Level 2.7 Spellcasting
 * Level 7.6 Conjurations
 * Level 7.5 Fire Magic


You had 4 spell levels left.
You knew the following spells:

 Your Spells              Type           Power        Failure   Level
a - Foxfire               Conj/Fire      ####         1%          1
b - Conjure Flame         Conj/Fire      ####....     2%          3
c - Sticky Flame          Conj/Fire      ####....     8%          4

Your spell library contained the following spells:

 Spells                   Type           Power        Failure   Level
 Inner Flame              Hex/Fire       ###.....     12%         3
 Animate Skeleton         Necr           #.....       19%         1
 Apportation              Tloc           #.....       19%         1
 Corona                   Hex            #......      19%         1
 Summon Small Mammal      Summ           #...         19%         1
 Fireball                 Conj/Fire      ####......   22%         5


Dungeon Overview and Level Annotations

Branches:
Dungeon (6/15)
 Temple: D:4-7

Altars:
Cheibriados
Trog

Annotations:
D:6 Duvessa


Innate Abilities, Weirdness & Mutations

You are resistant to torment.
Your stone body is resilient. (AC +5)
You are immune to poison.
You resist negative energy. (rN+)
You are resistant to electric shocks. (rElec)
You can survive without breathing.
You are immune to petrification.
You are immune to rotting.


Message History

The foxfire hits the phantom but does no damage.
The phantom is severely damaged.
The foxfire hits Duvessa.
Duvessa is moderately wounded.
Duvessa barely misses you. The phantom closely misses you.
Duvessa hits you with a +0 short sword.
Your foxfire dissipates!
The foxfire hits Duvessa but does no damage.
Duvessa is moderately wounded.
Duvessa barely misses you. Duvessa hits you but does no damage.
Duvessa hits you with a +0 short sword!
* * * LOW HITPOINT WARNING * * *
You feel very mighty all of a sudden. Duvessa closely misses you.
The phantom blinks!
You hit Duvessa but do no damage.
Your weapon exudes an aura of protection.
Duvessa is moderately wounded.
Duvessa barely misses you. Duvessa hits you with a +0 short sword!
You die...

#.....(.....# #...........#
#...........# ####'########
######### #..[..# #........
######'### #........
..........# #=.......
..........#########........
..........'..@e.....)......
.........W#########........
..........# #./......
########### #........
#........ #######+#


You could see a phantom and Duvessa (berserk).

Vanquished Creatures
  Grinder (D:5)
  Edmund (D:5)
  A sky beast (D:5)
  An ogre (D:6)
  2 scorpions (D:4)
  Dowan (D:6)
  4 howler monkeys
  2 hounds
  2 orc priests (D:4)
  A centaur skeleton (D:6)
  An iguana (D:3)
  5 worker ants
  7 orc wizards
  A worker ant zombie (D:3)
  6 adders
  A white imp (D:5)
  An ufetubus (D:5)
  An ooze (D:1)
  2 worms
  4 dart slugs
  2 leopard geckos
  28 orcs
  2 ball pythons (D:2)
  3 giant cockroaches
  6 goblins
  8 hobgoblins
  15 jackals
  4 quokkas
  7 bats
  5 frilled lizards
  8 kobolds
  A leopard gecko skeleton (D:5)
  8 rats
142 creatures vanquished.

Vanquished Creatures (others)
  A giant cockroach (D:1)
  545 foxfires
546 creatures vanquished.

Grand Total: 688 creatures vanquished

Notes
Turn   | Place    | Note
-------+----------+-------------------------------------------
     0 | D:1      | royokou the Gargoyle Fire Elementalist began the quest for
                  | the Orb.
     0 | D:1      | Reached XP level 1. HP: 10/10 MP: 3/3
   324 | D:1      | Reached XP level 2. HP: 10/15 MP: 0/5
  1410 | D:1      | Reached XP level 3. HP: 19/19 MP: 4/6
  1415 | D:1      | Learned a level 3 spell: Conjure Flame
  3028 | D:2      | Reached XP level 4. HP: 11/24 MP: 3/7
  3446 | D:3      | Found a snail-covered altar of Cheibriados.
  3825 | D:3      | Reached XP level 5. HP: 9/28 MP: 0/9
  4596 | D:3      | Reached XP level 6. HP: 32/32 MP: 6/10
  5153 | D:4      | Reached skill level 5 in Fire Magic
  5386 | D:4      | Reached skill level 5 in Conjurations
  5619 | D:4      | Reached XP level 7. HP: 26/36 MP: 11/11
  5702 | D:4      | Learned a level 4 spell: Sticky Flame
  6206 | D:4      | Reached skill level 1 in Fighting
  6458 | D:5      | Entered Level 5 of the Dungeon
  6516 | D:5      | Noticed Grinder
  6633 | D:5      | Killed Grinder
  6633 | D:5      | Reached XP level 8. HP: 44/44 MP: 4/12
  6692 | D:5      | Noticed Edmund
  6813 | D:5      | Killed Edmund
  7389 | D:5      | Found a bloodstained altar of Trog.
  8704 | D:6      | Noticed Dowan
  8706 | D:6      | Noticed Duvessa
  8711 | D:6      | Killed Dowan
  8728 | D:6      | Slain by Duvessa

Illustrated notes

Levels and vault maps discovered:
D:1:      dpeg_arrival_renting, layout_rooms, chequers_jeans, minivault_11,
          lemuel_flame_loot_1
D:2:      layout_loops_ring, chequers_serial_rivers_micro_e,
          grunt_decor_one_mirror, minmay_misc_feat_diagonals
D:3:      layout_basic, kennysheep_slug_shrine
D:4:      layout_rooms
D:5:      layout_gridville, trog_butcher_becter, uniq_edmund, uniq_grinder
D:6:      layout_basic, minmay_temple_entry_glassed_door, uniq_duvessa

Skill      XL: |  1  2  3  4  5  6  7  8 |
---------------+-------------------------+-----
Conjurations   | 2 3 4 5 6 7 |  7.6
Fire Magic     | 4 5 6 7 |  7.5
Fighting       | 2 3 |  3.5
Dodging        | |  1.5
Stealth        | |  2.1
Spellcasting   | |  2.7

Action                   |  1- 3 |  4- 6 |  7- 9 || total
-------------------------+-------+-------+-------++-------
Melee: Unarmed           |    25 |       |       ||    25
       Whip              |    61 |    54 |       ||   115
       War axe           |       |    27 |     9 ||    36
       Flail             |       |       |    12 ||    12
 Cast: Foxfire           |    64 |   112 |   155 ||   331
       Conjure Flame     |       |       |     8 ||     8
  Use: Scroll            |    10 |     2 |       ||    12
       Potion            |       |       |     1 ||     1
 Stab: Sleeping          |     1 |     2 |     2 ||     5
Armor: Robe              |    47 |    65 |    27 ||   139
Dodge: Dodged            |   106 |   118 |    63 ||   287

Table legend: (Time is in decaauts)
 A = Elapsed time spent in this place.
 B = Non-inter-level travel time spent in this place.
 C = Inter-level travel time spent in this place.
 D = Time resting spent in this place.
 E = Time spent auto-exploring this place.
 F = Levels seen in this place.
 G = Mean time per level.
                   A        B        C        D        E       F      G
               +--------+--------+--------+--------+--------+-----+--------+
         Total |   8773 |   8611 |    162 |   3551 |   3355 |   6 | 1462.2 |
       Dungeon |   8773 |   8611 |    162 |   3551 |   3355 |   6 | 1462.2 |
               +--------+--------+--------+--------+--------+-----+--------+

Top non-repeatable levels by time:
     D:1: 1946 daAuts
     D:3: 1758 daAuts
     D:2: 1657 daAuts
     D:5: 1558 daAuts
     D:4: 1264 daAuts
     D:6: 587 daAuts
